 Dungeon Crawl Stone Soup version 0.18.1-48-g4cf74bf (webtiles) character file.

109 Inkary the Skirmisher (level 4, 0/41 HPs)
             Began as a Minotaur Fighter on July 20, 2016.
             Killed from afar by Sigmund (4 damage)
             ... with a puff of flame
             ... on level 2 of the Dungeon.
             The game lasted 00:02:29 (790 turns).

Inkary the Skirmisher (Minotaur Fighter)             Turns: 790, Time: 00:02:30

Health: 0/41       AC:  7    Str: 21    XL:     4   Next: 59%
Magic:  3/3        EV:  7    Int:  5    God:
Gold:   74         SH:  9    Dex: 10    Spells: 0 memorised, 3 levels left

rFire  . . .     SeeInvis .     a - +0 flail
rCold  . . .     Gourm    .     b - +0 scale mail
rNeg   . . .     Faith    .     c - +0 shield
rPois  .         Spirit   .     (helmet restricted)
rElec  .         Dismiss  .     r - -1 cloak (curse)
rCorr  .         Reflect  .     (no gloves)
SustAt .         Harm     .     (no boots)
MR     .....                    (no amulet)
Stlth  +.........               (no ring)
                                i - ring of stealth

@: not resistant to hostile enchantments, very unstealthy
A: retaliatory headbutt, horns 2
a: no special abilities


You were on level 2 of the Dungeon.
You were not hungry.

You visited 1 branch of the dungeon, and saw 2 of its levels.

You collected 74 gold pieces.

Inventory:

Hand Weapons
 a - a +0 flail (weapon)
Armour
 b - a +0 scale mail (worn)
 c - a +0 shield (worn)
 r - a cursed -1 cloak (worn)
Jewellery
 i - a ring of stealth (left hand)
Scrolls
 g - a scroll of identify {unknown}
 j - a scroll of remove curse
 n - a scroll of magic mapping {unknown}
 p - a scroll of recharging {unknown}
Potions
 d - a potion of might
 e - a potion of haste {unknown}
 l - a potion of brilliance {unknown}
 m - 3 potions of curing
 q - a potion of ambrosia {unknown}
Comestibles
 f - a bread ration
 h - 3 chunks of flesh
 k - 3 meat rations
 o - a slice of pizza


   Skills:
 + Level 4.7 Fighting
 + Level 3.4 Maces & Flails
 + Level 4.6 Armour
 + Level 4.3 Shields


You had 3 spell levels left.
You didn't know any spells.

Dungeon Overview and Level Annotations

Branches:
Dungeon (2/15)

Altars:
Elyvilon

Annotations:
D:2 Sigmund


Innate Abilities, Weirdness & Mutations

You reflexively headbutt those who attack you in melee.
You have a pair of horns on your head.


Message History

You miss something. You closely miss something. You headbutt something.
You hear some strange, mumbled words.
A magic dart appears from out of thin air!
The magic dart hits you! Something hits you!
* * * LOW HITPOINT WARNING * * *
You miss something. Something hits you but does no damage.
You miss something. Something hits you.
* * * LOW HITPOINT WARNING * * *
You hear some strange, mumbled words.
You are confused.
You bump into the rock wall.
A magic dart appears from out of thin air!
The magic dart hits you!
You feel less confused.
Something tries to affect you, but you resist.
A puff of flame appears from out of thin air!
The puff of flame hits you!
You die...

#.#........# #....######......
#.#........# #................
#.#...##########................
#..>...............)÷†..÷.....
#...#######.##................
#........## #..........#......
.#...####.# #..........#######
#........#.# #..........# #
########.#.## #@.........#
#....# #...........
########....# #............
#...........# #............#
#.#######...#.#............
#.##..........#.###.###
#.##.###.######.# .#
#.##.#.#.####.#.# #
#.##.#.......<#.#


There were no monsters in sight!

Vanquished Creatures
  Crazy Yiuf (D:2)
  3 adders (D:2)
  A worm (D:2)
  2 dart slugs
  2 giant geckos
  2 giant cockroaches
  3 goblins
  5 hobgoblins
  2 jackals (D:1)
  6 kobolds
  A ball python (D:1)
  10 bats
  5 giant newts
  4 rats
47 creatures vanquished.

Notes
Turn   | Place    | Note
--------------------------------------------------------------
     0 | D:1      | Inkary the Minotaur Fighter began the quest for the Orb.
     0 | D:1      | Reached XP level 1. HP: 19/19 MP: 0/0
   126 | D:1      | Reached XP level 2. HP: 27/27 MP: 1/1
   359 | D:1      | Reached XP level 3. HP: 33/33 MP: 2/2
   480 | D:2      | Found a faded altar to an unknown god.
   502 | D:2      | Found a white marble altar of Elyvilon.
   629 | D:2      | Reached XP level 4. HP: 41/41 MP: 3/3
   712 | D:2      | Noticed Crazy Yiuf
   718 | D:2      | Killed Crazy Yiuf
   754 | D:2      | Noticed Sigmund
   774 | D:2      | HP: 2/41 [something (6)]
   790 | D:2      | Killed from afar by Sigmund

Skill      XL: |  1  2  3 |
---------------+----------+-----
Fighting       | 4 |  4.7
Shields        | 4 |  4.3
Armour         | 4 |  4.6
Maces & Flails | 3 |  3.4

Action                   |  1- 3 |  4- 6 || total
-------------------------+-------+-------++-------
Melee: Flail             |    90 |    37 ||   127
       Headbutt          |     9 |     6 ||    15
  Use: Scroll            |       |     1 ||     1
Armor: Scale mail        |    61 |    12 ||    73
Dodge: Dodged            |    27 |     6 ||    33
Block: Shield            |    54 |    17 ||    71
